Map: Bel'Shir Vestige LE (Void)

Players

Gemini

  • Race: Protoss Protoss
  • League: Master
  • Spawn Location: 5:00

A.I. 1 (Very Easy) - Winner!

  • Race: Terran Terran
  • Spawn Location: 11:00

VOD

Have the link to the VOD?

Description

Time

  • Played on: Feb. 7, 2017, 8:31 p.m.
  • Length: 6:57
Show
View Real Time Build Order
Export as new Build Order

Gemini Protoss 

Build Orders: 1 Gate Expand, Oracle Opening, Phoenix Opening 

Get SALT Encoding   

  12  0:00  Probe (Chrono Boost)  
  13  0:11  Probe (Chrono Boost)  
  14  0:18  Pylon  
  14  0:22  Probe (Chrono Boost)  
  15  0:36  Gateway, Probe (Chrono Boost)  
  16  0:43  Assimilator  
  16  0:47  Probe (Chrono Boost)  
  17  0:59  Probe (Chrono Boost)  
  18  1:09  Probe (Chrono Boost)  
  19  1:21  Nexus  
  19  1:24  Probe (Chrono Boost)  
  20  1:36  Cybernetics Core  
  20  1:37  Probe (Chrono Boost)  
  21  1:43  Assimilator  
  21  1:47  Probe (Chrono Boost)  
  21  1:52  Pylon  
  22  1:58  Probe (Chrono Boost)  
  23  2:09  Adept  
  23  2:12  Probe (Chrono Boost)  
  23  2:13  Warp Gate  
  27  2:24  Probe (Chrono Boost)  
  27  2:27  Stargate  
  27  2:33  Adept, Probe (Chrono Boost)  
  27  2:36  Probe (Chrono Boost)  
  31  2:44  Probe (Chrono Boost)  
  32  2:48  Probe (Chrono Boost)  
  33  2:54  Probe (Chrono Boost)  
  34  3:00  Adept, Probe (Chrono Boost)  
  34  3:05  Probe (Chrono Boost)  
  38  3:06  Oracle  
  42  3:12  Probe (Chrono Boost)  
  42  3:15  Probe (Chrono Boost)  
  43  3:20  Robotics Facility  
  43  3:24  Pylon  
  43  3:25  Probe (Chrono Boost)  
  43  3:26  Probe (Chrono Boost)  
  45  3:38  Probe (Chrono Boost)  
  45  3:39  Phoenix  
  45  3:41  Pylon  
  46  3:43  Probe (Chrono Boost)  
  50  3:50  Assimilator, Probe (Chrono Boost)  
  50  3:52  Assimilator  
  50  3:53  Probe (Chrono Boost)  
  51  4:02  Phoenix, Probe (Chrono Boost)  
  52  4:05  Gateway x2  
  54  4:13  Pylon  
  54  4:15  Observer, Probe (Chrono Boost)  
  54  4:16  Probe (Chrono Boost)  
  56  4:23  Phoenix  
  57  4:27  Probe (Chrono Boost)  
  57  4:28  Probe (Chrono Boost)  
  61  4:38  Observer  
  61  4:39  Nexus  
  61  4:43  Probe x2 (Chrono Boost)  
  61  4:45  Phoenix  
  66  4:55  Probe (Chrono Boost)  
  66  4:57  Mothership Core (Chrono Boost), Pylon  
  69  5:01  Pylon, Observer  
  69  5:05  Pylon  
  70  5:12  Phoenix  
  70  5:17  Probe (Chrono Boost)  
  74  5:22  Probe (Chrono Boost)  
  74  5:23  Twilight Council  
  74  5:24  Forge  
  75  5:29  Probe (Chrono Boost)  
  75  5:33  Phoenix  
  75  5:37  Gateway  
  75  5:38  Gateway  
  75  5:41  Sentry, Gateway  
  79  5:46  Adept  
  79  5:47  Adept  
  85  5:50  Probe x2 (Chrono Boost)  
  85  5:56  Probe (Chrono Boost)  
  86  6:00  Assimilator  
  86  6:02  Assimilator, Probe (Chrono Boost)  
  87  6:07  Probe (Chrono Boost)  
  87  6:08  Probe (Chrono Boost)  
  89  6:13  Phoenix  
  89  6:14  Probe (Chrono Boost)  
  89  6:18  Probe (Chrono Boost)  
  94  6:20  Probe (Chrono Boost)  
  95  6:26  Probe (Chrono Boost)  
  95  6:28  Probe (Chrono Boost)  
  95  6:32  Adept x3  
  102  6:34  Pylon  
  102  6:35  Probe (Chrono Boost)  
  102  6:39  Probe (Chrono Boost)  
  107  6:40  Probe (Chrono Boost)  
  107  6:44  Pylon  
  107  6:53  Pylon, Adept  
Show
View Real Time Build Order
Export as new Build Order

A.I. 1 (Very Easy) Terran - Winner!

Build Orders: Reaper Expand 

Get SALT Encoding   

  12  0:00  SCV  
  13  0:13  SCV  
  14  0:18  Supply Depot  
  14  0:44  Barracks  
  14  1:04  Command Center  
  14  1:29  Supply Depot  
  14  1:30  Marine  
  15  1:33  Orbital Command  
  15  1:35  Refinery  
  15  1:47  Refinery  
  15  1:59  SCV  
  16  2:11  SCV  
  17  2:16  SCV, Reaper  
  19  2:23  SCV  
  20  2:30  SCV  
  21  2:37  SCV  
  22  2:44  SCV  
  23  2:51  SCV  
  23  2:57  Marine  
  23  2:58  Refinery  
  25  2:59  SCV  
  26  3:06  SCV  
  27  3:13  SCV  
  27  3:14  Factory  
  28  3:34  Refinery  
  28  3:35  SCV  
  28  3:37  Marine  
  30  3:42  SCV  
  31  3:49  SCV  
  31  3:53  Supply Depot  
  31  3:56  SCV  
  31  4:00  Starport  
  30  4:03  SCV  
  29  4:11  SCV  
  29  4:13  Hellion  
  29  4:18  SCV  
  30  4:25  SCV  
  31  4:32  SCV  
  32  4:39  SCV  
  32  4:42  Hellion  
  32  4:43  Starport Tech Lab, Supply Depot  
  35  4:46  SCV  
  36  4:53  SCV  
  37  5:01  SCV, Raven  
  40  5:08  SCV  
  41  5:15  SCV  
  42  5:22  SCV  
  42  5:23  Reaper  
  44  5:29  SCV  
  44  5:32  Supply Depot  
  45  5:36  SCV  
  46  5:43  SCV  
  46  5:44  Raven  
  49  6:03  Marine  
  48  6:24  SCV  
  48  6:31  SCV  
  48  6:33  Hellion  
  48  6:39  SCV  
Tags
 
Add a new tag
Caveats
  • Supply blocks, unpowered buildings, or Contaminate may cause inaccurate times.
  • Supply counts are checked every 10 seconds.